Match 46668514
Unlisted

Match 46668514
End
Construct Section Command Post
Selects Canadian Shock Battlegroup
Dingo Light Scout Car
Infantry Section
ML 3-inch Mortar Team
Construct Platoon Command Post
Selects Attacking Spirit
Selects Canadian Shock Section
CMP 15cwt Truck
Unlock Bishop Self-propelled Artillery
Bishop Self-propelled Artillery
Forward Retreat Point
Bishop Self-propelled Artillery
Selects Burnout
Light Vehicle Training
Selects Pyrotechnics
Construct Company Command Post
Burnout
Canadian Shock Section
Crusader II Medium Tank
八坂真崎
绝地哈马斯
Jamesrulz
Patton
CW N
INDIRECTHAWK
Wartyhogg
Tatari◑。
0
0

Comments sign in to comment!

No comments posted yet!